 Dungeon Crawl Stone Soup version 0.30-a0-964-gd452b5e7fa (webtiles) character file.

Game seed: 9018256215639277861

6799 Turgor the Zephyrmancer (level 10, -6/72 HPs)
             Began as a Felid Air Elementalist on Mar 29, 2023.
             Was an Initiate of Gozag.
             Mangled by a death yak (14 damage)
             ... in an ice cave on Mar 30, 2023.
             The game lasted 01:46:04 (16706 turns).

Turgor the Zephyrmancer (Felid Air Elementalist)   Turns: 16706, Time: 01:46:05

Health: -6/72      AC:  2    Str:  4    XL:     10   Next: 76%
Magic:  23/23      EV: 19    Int: 22    God:    Gozag
Gold:   368        SH:  5    Dex: 22    Spells: 6/25 levels left
                                        Lives:  0   Deaths: 2

rFire   . . .      SeeInvis +      - Unarmed
rCold   + . .      Faith    .    (shield unavailable)
rNeg    . . .      Spirit   .    (body armour unavailable)
rPois   .          Reflect  +    (helmet unavailable)
rElec   .          Rampage  .    (cloak unavailable)
rCorr   .                        (gloves unavailable)
Will    +....                    (boots unavailable) Stlth
                                 F - amulet of reflection
HPRegen 0.32/turn                p - +6 ring of dexterity
MPRegen 0.18/turn                z - ring of protection from cold

@: mighty, brilliant, berserking, gold aura, very quick
A: very small, claws 1, fangs 3, see invisible, speed 1, shaggy fur 2, stealthy
paws, no weapons or thrown items, no armour, multi-lived
a: Renounce Religion, Potion Petition, Call Merchant, Bribe Branch


You were in an ice cave.
You worshipped Gozag.
Gozag was aware of your devotion.
You visited 1 branch of the dungeon, and saw 11 of its levels.
You also visited: Ice Cave.

You collected 2098 gold pieces.
You paid 1730 gold pieces to Gozag.

Inventory:

Jewellery
 p - a +6 ring of dexterity (left paw)
 z - a ring of protection from cold (right paw)
 B - a +6 ring of dexterity
 F - an amulet of reflection (around neck)
Wands
 c - a wand of polymorph (17)
 y - a wand of digging (3)
 A - a wand of flame (31)
 C - a wand of acid (9)
Scrolls
 d - a scroll of blinking
 e - a scroll of fog {unknown}
 f - 2 scrolls of enchant armour {unknown}
 g - 2 scrolls of magic mapping
 i - 3 scrolls of noise {unknown}
 l - 2 scrolls of enchant weapon {unknown}
 m - 3 scrolls of immolation {unknown}
 q - a scroll of summoning {unknown}
 r - 3 scrolls of poison {unknown}
 t - 3 scrolls of teleportation
 w - 2 scrolls of vulnerability {unknown}
 G - a scroll of acquirement {unknown}
 H - a scroll of identify
Potions
 a - 3 potions of magic
 h - a potion of resistance
 j - a potion of haste
 k - 3 potions of flight
 o - a potion of cancellation
 s - 6 potions of curing
 u - a potion of ambrosia
 v - a potion of attraction
 x - 3 potions of mutation
 E - a potion of berserk rage {unknown}
Miscellaneous
 D - a tin of tremorstones (2/2)


   Skills:
 + Level 8.2 Fighting
 - Level 4.0 Dodging
 - Level 3.0 Stealth
 - Level 1.0 Unarmed Combat
 + Level 8.2 Spellcasting
 - Level 9.0 Conjurations
 - Level 9.0 Hexes
 - Level 9.0 Air Magic


You had 6 spell levels left.
You knew the following spells:

 Your Spells              Type           Power      Damage    Failure   Level
a - Shock                 Conj/Air       100%       1d9       1%          1
b - Static Discharge      Conj/Air       100%       2-7/arc   1%          2
c - Wereblood             Tmut           13%        N/A       11%         2
d - Mephitic Cloud        Conj/Pois/Air  52%        N/A       1%          3
e - Airstrike             Air            32%        2d(5-21)  1%          4
f - Fulminant Prism       Conj/Hex       32%        3d15      1%          4
g - Summon Guardian Gole  Hex/Summ       43%        N/A       3%          3

Your spell library contained the following spells:

 Spells                   Type           Power      Damage    Failure   Level
 Foxfire                  Conj/Fire      100%       2x1d6     1%          1
 Kiss of Death            Conj/Necr      100%       2d13      1%          1
 Ensorcelled Hibernation  Hex/Ice        86%        N/A       1%          2
 Poisonous Vapours        Pois/Air       86%        N/A       1%          2
 Swiftness                Air            64%        N/A       1%          3
 Tukima's Dance           Hex            64%        N/A       1%          3
 Cigotuvi's Dreadful Rot  Necr/Pois/Air  66%        N/A       3%          2
 Kindle Blastsparks       Fire/Tloc/Air  66%        2d15      6%          3
 Apportation              Tloc           26%        N/A       8%          1
 Summon Small Mammal      Summ           52%        N/A       8%          1
 Lesser Beckoning         Tloc           26%        N/A       11%         2
 Sublimation of Blood     Necr           13%        N/A       11%         2
 Anguish                  Hex/Necr       21%        N/A       12%         4
 Iskenderun's Mystic Bla  Conj/Tloc      43%        2d10      12%         4
 Call Canine Familiar     Summ           13%        N/A       22%         3
 Gell's Gravitas          Tloc           13%        N/A       22%         3
 Spider Form              Tmut/Pois      13%        N/A       22%         3
 Teleport Other           Tloc           13%        N/A       22%         3
 Blade Hands              Tmut           6%         N/A       90%         5
 Lee's Rapid Deconstruct  Erth           6%         3d6*      90%         5
 Summon Hydra             Summ           6%         N/A       100%        7
 Portal Projectile        Hex/Tloc       Unusable   N/A       N/A         3

Dungeon Overview and Level Annotations

Branches:
Dungeon (11/15)            Temple (0/1) D:4            Lair (0/5) D:8
    Orc (0/2) D:9           IceCv (1/1)

Altars:
Ashenzari
Elyvilon
Fedhas
Gozag
Hepliaklqana
Kikubaaqudgha
Okawaru
Ru
Sif Muna
Vehumet
Xom

Annotations:
IceCv exclusion: ice statue


Innate Abilities, Weirdness & Mutations

You have sharp claws.
You have razor-sharp teeth.
You have supernaturally acute eyesight. (SInv)
You cover ground quickly. (Speed+)
You are covered in thick fur. (AC +2)
Your paws help you pounce on unaware monsters.
You are incapable of wielding weapons or throwing items.
You cannot wear armour.
You gain extra lives every three experience levels.


Message History

[b] - 550 gold - brilliance, magic, heal wounds and berserk rage [c] - 350 gold - resistance and might Purchase which effect?
You no longer have enough gold to petition Gozag for potion effects.
You no longer have enough gold to fund merchants seeking to open stores in the dungeon.
You feel clever all of a sudden. Magic courses through your body.
You feel much better.
A red film seems to cover your vision as you go berserk!
You feel yourself moving faster!
You feel mighty!
Your guardian golem is engulfed in blazing flames.
Your guardian golem disappears in a puff of smoke!
Your guardian golem explodes!
The fiery explosion engulfs the death yak!!
The death yak is engulfed in blazing flames.
The death yak gores you.
The death yak is engulfed in blazing flames.
You scratch the death yak. You bite the death yak.
The death yak is heavily wounded.
You scratch the death yak.
The death yak is heavily wounded.
The death yak is engulfed in blazing flames.
The death yak dies!
The death yak gores you!
The death yak is engulfed in blazing flames.
The death yak gores you!!
You scratch the death yak but do no damage.
The death yak is heavily wounded.
The death yak gores you!!
* * * LOW HITPOINT WARNING * * *
The death yak is engulfed in blazing flames.
You block the death yak's attack.
You scratch the death yak but do no damage.
The death yak is heavily wounded.
You scratch the death yak.
You bite the death yak, but do no damage.
The death yak is severely wounded.
The death yak is engulfed in blazing flames.
The death yak gores you!
You die...
Your body crumbles into a pile of gold.

#####
##Y@.##
##.☼Y°.##
#
#....§..#
..
#...☼...#
Y#
##..§§.##
.#
##...##
.###
#...##
..##
##...#
##$.#
##...#


You could see 2 death yaks.

Vanquished Creatures
  A two-headed ogre (D:9)
  2 death yaks (IceCv)
  Joseph (D:9)
  A gargoyle (D:7)
  A rime drake (IceCv)
  Grinder (D:7)
  A polar bear (IceCv)
  A wraith (D:7)
  22 yaks
  A wyvern (D:10)
  A steam dragon (D:7)
  2 wargs
  An acid dragon (D:11)
  3 black bears
  6 water moccasins
  4 orc warriors
  A sky beast (D:6)
  An ice beast (D:7)
  2 ogres
  3 wolves (IceCv)
  4 centaurs
  2 phantoms (D:4)
  5 kobold brigands
  2 gnoll sergeants
  5 bullfrogs
  4 scorpions
  3 wights (D:7)
  5 killer bees
  5 howler monkeys
  7 hounds
  2 jellies
  Crazy Yiuf (D:2)
  A gnoll bouda (D:5)
  7 orc priests
  6 iguanas
  A sleepcap (D:7)
  3 orc wizards
  15 gnolls
  6 adders
  4 shadow imps
  8 white imps
  An ufetubus (D:7)
  3 worms (D:2)
  2 dart slugs
  25 orcs
  7 ball pythons
  8 bats
  7 endoplasms
  4 giant cockroaches
  4 hobgoblins
  2 jackals (D:1)
  6 quokkas
  3 frilled lizards
  8 goblins
  19 kobolds
  7 rats
258 creatures vanquished.

Vanquished Creatures (others)
  A death yak (IceCv)
  A two-headed ogre (D:10)
  2 polar bears (IceCv)
  5 fulminant prisms
9 creatures vanquished.

Grand Total: 267 creatures vanquished

Notes
Turn   | Place    | Note
-------+----------+-------------------------------------------
     0 | D:1      | Turgor the Felid Air Elementalist began the quest for the
                  | Orb.
     0 | D:1      | Reached XP level 1. HP: 7/7 MP: 4/4
   204 | D:1      | Reached skill level 1 in Conjurations
   406 | D:1      | Reached XP level 2. HP: 11/11 MP: 0/6
   472 | D:1      | Learned a level 2 spell: Static Discharge
   678 | D:1      | Learned a level 2 spell: Wereblood
   967 | D:2      | Reached XP level 3. HP: 15/15 MP: 4/7
  1671 | D:2      | Found a faded altar of an unknown god.
  1708 | D:2      | Found a runed translucent door.
  1709 | D:2      | Noticed Crazy Yiuf
  1737 | D:2      | Killed Crazy Yiuf
  1738 | D:2      | Reached XP level 4. HP: 18/18 MP: 3/9
  2291 | D:3      | Learned a level 3 spell: Mephitic Cloud
  2364 | D:3      | Found a blossoming altar of Fedhas.
  2364 | D:3      | Found a sacrificial altar of Ru.
  2376 | D:3      | Found a hazy altar of Hepliaklqana.
  2379 | D:3      | Found a radiant altar of Vehumet.
  2381 | D:3      | Found a broken altar of Ashenzari.
  2386 | D:3      | Found an opulent altar of Gozag.
  2400 | D:3      | Became a worshipper of Gozag Ym Sagoz the Greedy
  2467 | D:3      | Found a white marble altar of Elyvilon.
  2540 | D:3      | Reached skill level 1 in Fighting
  2600 | D:3      | Found an ancient bone altar of Kikubaaqudgha.
  2754 | D:3      | Noticed an ogre
  2798 | D:3      | Killed an ogre
  2799 | D:3      | Reached skill level 1 in Unarmed Combat
  2799 | D:3      | Reached XP level 5. HP: 22/22 MP: 5/10
  3279 | D:4      | Noticed a phantom
  3348 | D:4      | Gained mutation: You are covered in thick fur. (AC +2)
                  | [Felid growth]
  3348 | D:4      | Reached XP level 6. HP: 21/25 MP: 5/12
  3500 | D:3      | Learned a level 4 spell: Airstrike
  3898 | D:4      | Reached XP level 7. HP: 25/30 MP: 6/13
  4435 | D:4      | Found an iron altar of Okawaru.
  4617 | D:4      | Found a staircase to the Ecumenical Temple.
  4749 | D:5      | Entered Level 5 of the Dungeon
  4832 | D:5      | Noticed Grinder
  4902 | D:5      | Reached skill level 5 in Air Magic
  5080 | D:5      | Reached XP level 8. HP: 34/34 MP: 5/15
  5879 | D:6      | Reached skill level 5 in Conjurations
  5879 | D:6      | Upgraded the game from 0.30-a0-956-gcec3b41aec to
                  | 0.30-a0-964-gd452b5e7fa
  6516 | D:6      | Found a shimmering blue altar of Sif Muna.
  6815 | D:7      | Killed Grinder
  6816 | D:7      | Reached skill level 5 in Spellcasting
  6919 | D:7      | Reached XP level 9. HP: 39/39 MP: 7/17
  7300 | D:7      | Learned a level 4 spell: Fulminant Prism
  7448 | D:7      | Reached skill level 1 in Hexes
  8603 | D:7      | Noticed a gargoyle
  8712 | D:6      | Got Sif Muna's Compendium of the Burn
  8714 | D:6      | Got Sif Muna's Meditations on Iniquitous Mysteries
  8716 | D:6      | Got Sif Muna's Excursus on the Wayfarer
  8936 | D:7      | Reached skill level 5 in Fighting
  9648 | D:7      | Reached skill level 5 in Hexes
  9748 | D:7      | Found a shimmering altar of Xom.
 10013 | D:8      | Found a staircase to the Lair.
 10189 | D:8      | Reached XP level 10. HP: 37/44 MP: 8/19
 10318 | D:7      | Killed a gargoyle
 12124 | D:9      | Noticed a two-headed ogre
 12448 | D:9      | Killed a two-headed ogre
 12900 | D:9      | Noticed Joseph
 12935 | D:10     | Entered Level 10 of the Dungeon
 13008 | D:10     | Noticed Maggie
 13122 | D:10     | Identified the +9 halberd "Daenigeh" {freeze, rF- Dex+3}
 13385 | D:10     | Noticed a two-headed ogre
 13403 | D:10     | HP: 1/45 [two-headed ogre/+0 giant club (28)]
 13403 | D:10     | Slain by a two-headed ogre
 13404 | D:10     | Reached XP level 9. HP: -2/41 MP: 19/19
 13619 | D:9      | Killed Joseph
 13620 | D:9      | Reached XP level 10. HP: 45/45 MP: 2/20
 14375 | D:9      | Found a staircase to the Orcish Mines.
 15790 | D:10     | Maggie changed into Maggie the warg
 15790 | D:10     | Noticed Maggie
 15791 | D:10     | Killed Maggie the warg
 15909 | D:10     | Learned a level 3 spell: Summon Guardian Golem
 15934 | D:10     | Killed a two-headed ogre
 16018 | D:11     | Noticed a gargoyle
 16067 | D:11     | Noticed a boulder beetle
 16078 | D:11     | Noticed a boulder beetle
 16090 | D:11     | Found a frozen archway.
 16094 | D:11     | Slain by a boulder beetle
 16095 | D:11     | Reached XP level 9. HP: -1/42 MP: 12/20
 16125 | IceCv    | Entered an ice cave
 16125 | IceCv    | Noticed a polar bear
 16142 | IceCv    | Killed a polar bear
 16147 | IceCv    | Reached XP level 10. HP: 27/46 MP: 5/21
 16147 | IceCv    | Noticed a death yak
 16150 | IceCv    | Noticed a death yak
 16162 | IceCv    | Killed a death yak
 16191 | IceCv    | Killed a death yak
 16518 | IceCv    | Noticed an ice statue
 16558 | IceCv    | Noticed a death yak
 16560 | IceCv    | Noticed a death yak
 16562 | IceCv    | Noticed a death yak
 16703 | IceCv    | Killed a death yak
 16706 | IceCv    | Mangled by a death yak

Illustrated notes

Levels and vault maps discovered:
D:1:      dpeg_arrival_boxorama, layout_rooms
D:2:      layout_basic, basic_ecumenical_altar, grunt_ministairs_1,
          uniq_crazy_yiuf_cottage
D:3:      layout_loops_ring, nicolae_overflow_hallway_of_the_gods,
          kiku_gazebo_garden_becter, elyvilon_altar_1
D:4:      layout_rooms, okawaru_trees_2, minmay_temple_entry_nine_rooms
D:5:      layout_rooms, minmay_holes, kennysheep_cross_room, uniq_grinder
D:6:      minmay_chambers_of_sixes, layout_gridville,
          nicolae_sif_muna_little_library
D:7:      cheibrodos_fzero, layout_gridville, kennysheep_mini, serial_demonic,
          serial_demonic_a, serial_demonic_d, serial_demonic_d,
          serial_demonic_d, hangedman_abyss_or_decor_passed
D:8:      layout_loops_ring, dpeg_oklobed_lair, chequers_serial_rivers_micro_a,
          kennysheep_generic_room_7
D:9:      layout_loops_ring, david_orc_1_choice, grunt_decor_mini_mirrors,
          uniq_joseph
D:10:     layout_loops_cross, uniq_maggie
D:11:     layout_basic, portal_ice_cave_entry_pillars_1,
          chequers_serial_rivers_large_b, nicolae_vehumet_altar_sigil,
          uniq_lodul, uniq_sonja
IceCv:    ice_cave_small_giant

Skill      XL: |  1  2  3  4  5  6  7  8  9 10 |
---------------+-------------------------------+-----
Conjurations   | 1 2 3 4 5 9 8 |  9.0
Stealth        | 3 |  3.0
Air Magic      | 3 4 5 6 7 9 |  9.0
Dodging        | 3 4 |  4.0
Fighting       | 1 2 3 4 5 8 |  8.2
Unarmed Combat | 1 |  1.0
Spellcasting   | 3 4 5 7 8 |  8.2
Hexes          | 5 9 |  9.0

Action                     |  1- 3 |  4- 6 |  7- 9 | 10-12 || total
---------------------------+-------+-------+-------+-------++-------
  Melee: Unarmed           |       |       |    25 |    55 ||    80
         Bite              |       |       |     4 |     8 ||    12
   Cast: Shock             |    88 |   101 |   201 |   139 ||   529
         Mephitic Cloud    |       |     1 |    23 |    35 ||    59
         Static Discharge  |       |       |     1 |       ||     1
         Airstrike         |       |       |    65 |    72 ||   137
         Summon Guardian G |       |       |       |     7 ||     7
         Fulminant Prism   |       |       |       |     5 ||     5
 Invoke: Potion Petition   |       |       |     1 |     3 ||     4
  Evoke: Wand              |       |       |     1 |    10 ||    11
    Use: Scroll            |       |     3 |    13 |     2 ||    18
         Potion            |       |       |     2 |     4 ||     6
   Stab: Confused          |       |       |     7 |     8 ||    15
         Invisible         |       |       |     4 |       ||     4
 Armour: Skin              |       |     1 |     2 |     3 ||     6
  Dodge: Dodged            |     2 |    31 |    50 |    56 ||   139
  Block: Other             |       |       |     1 |     3 ||     4

Table legend: (Time is in decaauts)
 A = Elapsed time spent in this place.
 B = Non-inter-level travel time spent in this place.
 C = Inter-level travel time spent in this place.
 D = Time resting spent in this place.
 E = Time spent auto-exploring this place.
 F = Levels seen in this place.
 G = Mean time per level.
                   A        B        C        D        E       F      G
               +--------+--------+--------+--------+--------+-----+--------+
         Total |  15104 |  14381 |    723 |   2693 |   8518 |  12 | 1258.7 |
       Dungeon |  14577 |  13854 |    723 |   2457 |   8477 |  11 | 1325.2 |
      Ice Cave |    526 |    526 |      0 |    236 |     41 |   1 |  526.0 |
               +--------+--------+--------+--------+--------+-----+--------+

Top non-repeatable levels by time:
     D:7: 2562 daAuts
     D:6: 2035 daAuts
     D:9: 1831 daAuts
    D:10: 1707 daAuts
     D:4: 1192 daAuts
     D:8: 1144 daAuts
     D:3: 1130 daAuts
     D:2: 1088 daAuts
     D:5: 982 daAuts
     D:1: 827 daAuts
   IceCv: 526 daAuts
    D:11: 75 daAuts
